 Dungeon Crawl Stone Soup version 0.31-a0-321-g19405a7a6a (webtiles) character file.

Game seed: 5156133630159392296

2185 hellse the Grappler (level 9, -5/92 HPs)
             Began as a Troll Shapeshifter on July 17, 2023.
             Was an Initiate of Okawaru.
             Slain by Menkaure (15 damage)
             ... on level 5 of the Dungeon.
             The game lasted 00:06:58 (5007 turns).

hellse the Grappler (Troll Shapeshifter)            Turns: 5007, Time: 00:06:58

Health: -5/92      AC:  5    Str: 25    XL:     9   Next: 11%
Magic:  8/8        EV: 11    Int:  4    God:    Okawaru [......]
Gold:   69         SH:  0    Dex: 14    Spells: 8/8 levels left

rFire   . .          .
                       - Unarmed
rCold   + . .        (no shield)
rNeg    . . .        p - +1 animal skin
rPois   .            (helmet currently unavailable)
rElec   .            (cloak currently unavailable)
rCorr   .            (gloves unavailable)
SInv    .            (boots unavailable)
Will    +....        u - amulet of magic regeneration
Stlth   +            r - ring of willpower
HPRegen 1.15/turn    s - ring of protection from cold
MPRegen 0.51/turn

%: no passive effects
@: beast-form
A: beast (slay +2), large, unfitting armour, claws 3, regeneration 1, shaggy fur
1, tough skin 1
a: Begin Untransformation, Renounce Religion


You were on level 5 of the Dungeon.
You worshipped Okawaru.
Okawaru was noncommittal.
You were a hulking beast.
You visited 2 branches of the dungeon, and saw 8 of its levels.

You collected 310 gold pieces.
You spent 241 gold pieces at shops.

Inventory:

Armour
 a - a +0 animal skin
 l - a +0 cloak
 p - a +1 animal skin (worn)
 F - a +0 cloak of preservation
Jewellery
 r - a ring of willpower (left claw)
 s - a ring of protection from cold (right claw)
 u - an amulet of magic regeneration (around neck)
 B - a +4 ring of protection
Talismans
 c - a beast talisman
 G - a maw talisman
Wands
 t - a wand of mindburst (3)
Scrolls
 f - a scroll of poison
 i - a scroll of amnesia
 m - 3 scrolls of teleportation
 q - 2 scrolls of enchant armour
 v - a scroll of noise {unknown}
 y - a scroll of fear {unknown}
 z - 3 scrolls of fog {unknown}
 A - a scroll of identify
 C - a scroll of enchant weapon {unknown}
 E - a scroll of silence {unknown}
Potions
 b - 2 potions of lignification
 d - 4 potions of heal wounds {unknown}
 e - a potion of haste {unknown}
 g - 5 potions of curing {unknown}
 h - 4 potions of attraction {unknown}
 j - a potion of brilliance {unknown}
 k - 2 potions of might {unknown}
 n - 2 potions of enlightenment {unknown}
 o - 2 potions of degeneration {unknown}
 w - a potion of ambrosia {unknown}
 x - a potion of berserk rage {unknown}
 D - 2 potions of magic {unknown}


   Skills:
 - Level 6.7 Fighting
 - Level 4.2 Dodging
 - Level 8.1 Unarmed Combat
 + Level 3.0 Shapeshifting


You had 8 spell levels left.
You didn't know any spells.
Your spell library contained the following spells:

 Spells                   Type           Power      Damage    Failure   Level
 Foxfire                  Conj/Fire      0%         2x1d4     50%         1
 Gell's Gravitas          Tloc           0%         N/A       86%         3
 Teleport Other           Tloc           0%         N/A       86%         3
 Dispersal                Tloc           0%         N/A       100%        6
 Plasma Beam              Fire/Air       0%         2x1d10    100%        6
 Starburst                Conj/Fire      0%         6d3       100%        6
 Chain Lightning          Conj/Air       0%         N/A       100%        9
 Fire Storm               Conj/Fire      0%         5d1       100%        9
 Shatter                  Erth           0%         3d5*      100%        9


Dungeon Overview and Level Annotations

Branches:
Dungeon (7/15)             Temple (1/1) D:7

Altars:
Ashenzari
Dithmenos
Elyvilon
Fedhas
Gozag
Hepliaklqana
Kikubaaqudgha
Makhleb
Nemelex Xobeh
Okawaru
Qazlal
Ru
Sif Muna
Trog
Uskayaw
Vehumet
Wu Jian
Xom
Yredelemnul
Zin
The Shining One

Shops:
D:4 *

Annotations:
D:5 Menkaure


Innate Abilities, Weirdness & Mutations

You are a hulking beast.
Your limbs bulge with bestial killing power. (Slay +2)
You are too large for most types of armour.
You have claws for hands.
Your natural rate of healing is unusually fast.
You are covered in fur. (AC +1)
You have tough skin. (AC +1)


Message History

You start resting.
HP restored.
Okay, then.
Things that are here:
a +0 giant club; an ogre corpse
Found a falchion.
Found a leather armour.
You begin transforming.
You continue transforming. x3
Your transformation has ended.
You turn into a creature with a mouth for a stomach.
Your +1 animal skin melds into your body.
You begin transforming.
You continue transforming. x3
Your transformation has ended.
Your +1 animal skin unmelds from your body.
You turn into a hulking beast.
Okay, then.
You see here a +0 falchion.
A jelly comes into view.
Found a stone staircase leading up.
Menkaure, Prince of Dust comes into view.
Menkaure mumbles a few words.
Menkaure calls on the powers of darkness!
The jelly convulses!
The jelly quivers.
Your body is wracked with pain!
Menkaure mumbles some strange words.
Menkaure seems to speed up.
You claw the jelly!
You kill the jelly!
Okawaru accepts your kill.
Menkaure calls on the powers of darkness!
Your body is wracked with pain!
* * * LOW HITPOINT WARNING * * *
You are too injured to fight recklessly!
Menkaure hits you!!
* * * LOW HITPOINT WARNING * * *
You claw Menkaure!
Menkaure is heavily damaged.
Menkaure hits you!
You die...

.)..<.......***,,,,*
.#..####....,,,...,*
.#..####.###***...** .#..####.###
*#.#* .#..####.###***#.#
....##......,,,..## ***#*********
##...........###.<###...,,,,,,,,,
....##.#.##.....M.....#**********
##.....#.##.#**#h.#****
*#........#.# #..#
*#..#####.#.####..# #†.#
#)........# #..# #...####.## #..#
#.#.####.# #..#####.....)..#
#....[...#.###### #..........#


You could see Menkaure (fast).

Vanquished Creatures
  Pikel (D:4)
  Sigmund (D:6)
  A yak (D:6)
  An ice beast (D:6)
  A black bear (D:5)
  2 ogres (D:5)
  A centaur (D:6)
  2 lemures (D:4)
  2 bullfrogs
  2 scorpions
  A howler monkey (D:4)
  3 hounds
  2 jellies
  Crazy Yiuf (D:3)
  A gnoll bouda (D:6)
  Jessica (D:2)
  A sleepcap (D:6)
  3 iguanas
  2 orc wizards
  Natasha (thrice) (D:2)
  Robin (D:2)
  5 adders
  9 gnolls
  2 ufetubi
  2 worms
  A dart slug (D:2)
  13 orcs
  7 ball pythons
  10 endoplasms
  A giant cockroach (D:3)
  10 hobgoblins
  6 jackals (D:4)
  8 quokkas
  7 bats
  7 frilled lizards
  13 goblins
  7 kobolds
  8 rats
149 creatures vanquished.

Notes
Turn   | Place    | Note
-------+----------+-------------------------------------------
     0 | D:1      | hellse the Troll Shapeshifter began the quest for the Orb.
     0 | D:1      | Reached XP level 1. HP: 19/19 MP: 0/0
   236 | D:1      | Reached XP level 2. HP: 28/28 MP: 1/1
   584 | D:1      | Reached XP level 3. HP: 34/34 MP: 2/2
   786 | D:1      | Reached skill level 3 in Unarmed Combat
  1092 | D:2      | Found a faded altar of an unknown god.
  1095 | D:2      | Noticed Jessica
  1099 | D:2      | Killed Jessica
  1100 | D:2      | Reached XP level 4. HP: 44/44 MP: 3/3
  1152 | D:2      | Reached XP level 5. HP: 53/53 MP: 4/4
  1155 | D:2      | Reached skill level 4 in Unarmed Combat
  1292 | D:2      | Noticed Natasha
  1298 | D:2      | Killed Natasha
  1345 | D:2      | Noticed Robin
  1379 | D:2      | Killed Robin
  1841 | D:2      | Noticed Natasha
  1846 | D:2      | Killed Natasha
  2017 | D:2      | Noticed Natasha
  2024 | D:2      | Killed Natasha
  2025 | D:2      | Reached XP level 6. HP: 62/62 MP: 5/5
  2119 | D:3      | Found a runed translucent door.
  2120 | D:3      | Noticed Crazy Yiuf
  2386 | D:4      | Noticed Pikel
  2412 | D:4      | Killed Pikel
  2413 | D:4      | Reached skill level 5 in Fighting
  2413 | D:4      | Reached skill level 6 in Unarmed Combat
  2413 | D:4      | Reached XP level 7. HP: 53/72 MP: 6/6
  2635 | D:5      | Entered Level 5 of the Dungeon
  2680 | D:4      | Found Zoxt's Assorted Antiques.
  2690 | D:4      | Bought a square blue amulet for 125 gold pieces
  2690 | D:4      | Bought a scroll labelled GIAK WOHINGI for 25 gold pieces
  2690 | D:4      | Bought a scroll labelled GIAK WOHINGI for 25 gold pieces
  3188 | D:6      | Reached XP level 8. HP: 68/83 MP: 7/7
  3306 | D:6      | Reached skill level 7 in Unarmed Combat
  3416 | D:6      | Noticed Sigmund
  3421 | D:6      | Killed Sigmund
  3724 | D:6      | Found a shadowy altar of Dithmenos.
  3724 | D:6      | Found a blossoming altar of Fedhas.
  4131 | D:7      | Found a staircase to the Ecumenical Temple.
  4139 | Temple   | Found a transporter.
  4139 | Temple   | Found a transporter.
  4139 | Temple   | Found a transporter.
  4139 | Temple   | Found a transporter.
  4139 | Temple   | Entered the Ecumenical Temple
  4160 | Temple   | Became a worshipper of Warmaster Okawaru
  4644 | D:3      | Reached XP level 9. HP: 92/92 MP: 8/8
  4838 | D:3      | Killed Crazy Yiuf
  4897 | D:4      | Bought a metallic brown potion for 22 gold pieces
  4897 | D:4      | Bought a green potion for 22 gold pieces
  4897 | D:4      | Bought a metallic brown potion for 22 gold pieces
  4947 | D:5      | Reached skill level 8 in Unarmed Combat
  5001 | D:5      | Noticed Menkaure
  5007 | D:5      | Slain by Menkaure

Illustrated notes

Levels and vault maps discovered:
D:1:      dpeg_arrival_simpleton_a, layout_loops_corners
D:2:      kennysheep_six_static_rooms, layout_loops_corners,
          ebering_ecumenical_altar_mist, uniq_natasha, uniq_jessica, uniq_robin
D:3:      layout_loops_ring, solitary_fountain, hangedman_decor_peaks_small,
          uniq_crazy_yiuf_cottage
D:4:      layout_cave_pods, serial_shops, nicolae_shop_dealshenge, uniq_pikel
D:5:      layout_loops_ring, serial_shops, shop, uniq_menkaure
D:6:      layout_loops_corners, gammafunk_temple_overflow_statue, uniq_sigmund
D:7:      layout_rooms, minmay_temple_entry_junction_2
Temple:   hellmonk_temple_divided_pantheon

Skill      XL: |  1  2  3  4  5  6  7  8  9 |
---------------+----------------------------+-----
Fighting       | 2 3 5 6 |  6.7
Unarmed Combat | 3 4 6 7 8 |  8.1
Dodging        | 4 |  4.2
Shapeshifting  | |  3.0

Action                     |  1- 3 |  4- 6 |  7- 9 || total
---------------------------+-------+-------+-------++-------
  Melee: Unarmed           |    79 |   121 |   134 ||   334
         Punch             |       |     4 |     5 ||     9
    Use: Scroll            |       |     4 |     2 ||     6
   Stab: Sleeping          |     3 |     1 |     1 ||     5
         Distracted        |       |     1 |     1 ||     2
 Armour: Animal skin       |    29 |    27 |    41 ||    97
  Dodge: Dodged            |    39 |    73 |    76 ||   188
   Form: Beast             |       |       |     1 ||     1
         Maw               |       |       |     1 ||     1

Table legend: (Time is in decaauts)
 A = Elapsed time spent in this place.
 B = Non-inter-level travel time spent in this place.
 C = Inter-level travel time spent in this place.
 D = Time resting spent in this place.
 E = Time spent auto-exploring this place.
 F = Levels seen in this place.
 G = Mean time per level.
                   A        B        C        D        E       F      G
               +--------+--------+--------+--------+--------+-----+--------+
         Total |   4977 |   4509 |    468 |     91 |   3531 |   8 |  622.1 |
       Dungeon |   4940 |   4472 |    468 |     91 |   3531 |   7 |  705.7 |
        Temple |     36 |     36 |      0 |      0 |      0 |   1 |   36.0 |
               +--------+--------+--------+--------+--------+-----+--------+

Top non-repeatable levels by time:
     D:2: 1197 daAuts
     D:6: 1073 daAuts
     D:4: 1030 daAuts
     D:1: 876 daAuts
     D:3: 619 daAuts
     D:5: 112 daAuts
  Temple: 36 daAuts
     D:7: 31 daAuts
